 Dungeon Crawl Stone Soup version 0.29-a0-1065-g47a6bb87d6 (webtiles) character file.

Game seed: 11455919326427031206

114 siradein the Changer (level 4, -2/31 HPs)
             Began as an Octopode Transmuter on Aug 18, 2022.
             Slain by Pargi (3 damage)
             ... on level 3 of the Dungeon.
             The game lasted 00:07:01 (3166 turns).

siradein the Changer (Octopode Transmuter)          Turns: 3166, Time: 00:07:02

Health: -2/31      AC:  1    Str:  9    XL:     4   Next: 98%
Magic:  6/7        EV: 13    Int: 23    God:
Gold:   74         SH:  0    Dex:  8    Spells: 1/7 levels left

rFire   + . .      SeeInvis .     - Unarmed
rCold   . . .      Faith    .   (no shield)
rNeg    + . .      Spirit   .   (helmet currently unavailable)
rPois   +          Reflect  .   (no amulet)
rElec   .          Harm     .   m - +6 ring of intelligence
rCorr   .          Rampage  .   o - ring of protection from fire
Will    +....                   b - ring "Udingece" {rPois rN+ Will+ Dex-4}
Stlth   ++........              (no ring)
HPRegen 0.10/turn               (no ring)
MPRegen 0.10/turn               (no ring)
                                (no ring)
                                (no ring)

@: appendages
A: tentacle spike 3, almost no armour, amphibious, 8 rings, camouflage 1,
gelatinous body 1, (nimble swimmer 1), tentacles
a: End Transformation


You were on level 3 of the Dungeon.
One of your tentacles had grown a beastly spike.
You visited 1 branch of the dungeon, and saw 3 of its levels.

You collected 74 gold pieces.

Inventory:

Jewellery
 b - the ring "Udingece" (on tentacle) {rPois rN+ Will+ Dex-4}
   (You acquired it on level 2 of the Dungeon)

   [ring of willpower]

   Dex:       It affects your dexterity (-4).
   rPois:     It protects you from poison.
   rN:        It protects you from negative energy.
   Will:      It increases your willpower.
 m - a +6 ring of intelligence (left tentacle)
 o - a ring of protection from fire (right tentacle)
Wands
 l - a wand of polymorph (13)
Scrolls
 g - a scroll of teleportation
 n - a scroll of enchant armour {unknown}
Potions
 a - a potion of lignification
 h - 2 potions of curing


   Skills:
 + Level 3.2 Fighting
 - Level 2.0 Dodging
 - Level 3.0 Unarmed Combat
 - Level 2.0 Spellcasting
 + Level 3.8 Transmutations


You had one spell level left.
You knew the following spells:

 Your Spells              Type           Power      Damage    Failure   Level
a - Beastly Appendage     Tmut           38%        N/A       2%          1
b - Wereblood             Tmut           19%        N/A       4%          2
c - Spider Form           Tmut/Pois      11%        N/A       19%         3

Your spell library contained the following spells:

 Spells                   Type           Power      Damage    Failure   Level
 Static Discharge         Conj/Air       2%         3-4/arc   19%         2
 Ozocubu's Armour         Ice            2%         N/A       36%         3
 Ice Form                 Ice/Tmut       11%        N/A       52%         4
 Lightning Bolt           Conj/Air       1%         1d12      98%         5
 Ozocubu's Refrigeration  Ice            1%         4d7       100%        7
 Maxwell's Capacitive Co  Air            1%         ∞         100%        8


Dungeon Overview and Level Annotations

Branches:
Dungeon (3/15)

Altars:

Annotations:
D:3 Pargi


Innate Abilities, Weirdness & Mutations

One of your tentacles has grown a beastly spike.
You cannot wear most types of armour.
You are amphibious.
You can wear up to eight rings at the same time.
Your skin changes colour to match your surroundings (Stealth+).
Your rubbery body absorbs attacks. (AC +1, EV +1)
((You are camouflaged when in or above water. (Stealth+)))
You have tentacles for arms and can constrict up to eight enemies at once.


Message History

You see here a bat corpse.
Pargi the Meek comes into view.
You feel your willpower return.
Pargi is nearby!
Pargi is nearby!
Pargi is nearby!
Pargi shouts!
You extend your transformation's duration.
You tentacle-slap Pargi.
Pargi is lightly wounded.
Pargi bites you. Pargi claws you. x2
You tentacle-slap Pargi.
Your tentacle spike misses Pargi.
Pargi is lightly wounded.
Pargi barely misses you. Pargi claws you. Pargi barely misses you.
You tentacle-slap Pargi.
Your tentacle spike misses Pargi.
Pargi is lightly wounded.
Pargi bites you. Pargi barely misses you. x2
You tentacle-slap Pargi.
Your tentacle spike misses Pargi.
Your squeeze misses Pargi.
Pargi is moderately wounded.
Pargi completely misses you. Pargi barely misses you. Pargi claws you.
You closely miss Pargi.
You pierce Pargi.
Pargi is moderately wounded.
Pargi hisses, "I bite!"
Pargi bites you! Pargi claws you but does no damage. Pargi claws you.
You barely miss Pargi.
Your tentacle spike misses Pargi.
Your squeeze misses Pargi.
Pargi is moderately wounded.
Pargi misses you. Pargi claws you.
* * * LOW HITPOINT WARNING * * *
Pargi barely misses you.
You tentacle-slap Pargi. Your squeeze misses Pargi.
Pargi is moderately wounded.
Pargi bites you.
* * * LOW HITPOINT WARNING * * *
Pargi closely misses you. Pargi claws you.
* * * LOW HITPOINT WARNING * * *
Unknown command.
Pargi attacks as you move away! Pargi bites you.
You die...

## ..# #.# #.#
#.# #.#
####.######
#.........#
#.##@####.#
#.##T##
#†.#..#
#..<#.#
+............#
####...#.#####
##.##.# ### .#


You could see Pargi.

Vanquished Creatures
  Robin (D:2)
  An adder (D:2)
  A worm (D:2)
  3 dart slugs (D:1)
  6 bats
  6 endoplasms
  5 giant cockroaches
  11 goblins
  10 hobgoblins
  11 jackals (D:1)
  5 kobolds
  3 quokkas
  3 ball pythons
  4 frilled lizards
  3 rats (D:2)
73 creatures vanquished.

Notes
Turn   | Place    | Note
-------+----------+-------------------------------------------
     0 | D:1      | siradein the Octopode Transmuter began the quest for the
                  | Orb.
     0 | D:1      | Reached XP level 1. HP: 13/13 MP: 3/3
   176 | D:1      | Reached XP level 2. HP: 11/18 MP: 3/5
   992 | D:1      | Reached XP level 3. HP: 24/24 MP: 4/6
  1046 | D:1      | Learned a level 2 spell: Wereblood
  1050 | D:1      | Learned a level 3 spell: Spider Form
  1474 | D:1      | Found a faded altar of an unknown god.
  1631 | D:1      | Reached XP level 4. HP: 28/30 MP: 4/7
  2074 | D:2      | Noticed Robin
  2084 | D:2      | Killed Robin
  3121 | D:2      | Learned a level 3 spell: Spider Form
  3123 | D:2      | Identified a scroll of acquirement
  3123 | D:2      | Acquired the ring "Udingece" {rPois rN+ Will+ Dex-4}
  3156 | D:3      | Noticed Pargi
  3165 | D:3      | HP: 1/31 [Pargi (3)]
  3166 | D:3      | Slain by Pargi

Illustrated notes

Levels and vault maps discovered:
D:1:      dpeg_arrival_shrine, layout_rooms,
          shapermc_ecumenical_altar_hornbeckon, st_stairs_8
D:2:      layout_basic, serial_curves, eino_curves_02, eino_curves_02,
          uniq_robin
D:3:      layout_loops_corners, kennysheep_slug_shrine,
          nicolae_overflow_crystal_walls, minmay_misc_feat_ornament,
          dreamdust_princess_corridor, chequers_serial_rivers_micro_e,
          st_stairs_3, uniq_pargi

Skill      XL: |  1  2  3  4 |
---------------+-------------+-----
Fighting       | 2 3 |  3.2
Transmutations | 3 |  3.8
Dodging        | |  2.0
Unarmed Combat | |  3.0
Spellcasting   | |  2.0

Action                   |  1- 3 |  4- 6 || total
-------------------------+-------+-------++-------
Melee: Unarmed           |    91 |    70 ||   161
       Constrict         |    26 |    16 ||    42
       Tentacles         |    18 |    15 ||    33
       Kick              |    22 |    18 ||    40
       Punch             |     3 |       ||     3
 Cast: Beastly Appendage |    16 |    17 ||    33
       Wereblood         |     4 |     3 ||     7
  Use: Scroll            |       |     9 ||     9
 Stab: Sleeping          |     2 |     3 ||     5
       Distracted        |       |     1 ||     1
Armor: Skin              |    11 |     5 ||    16
Dodge: Dodged            |    65 |    49 ||   114

Table legend: (Time is in decaauts)
 A = Elapsed time spent in this place.
 B = Non-inter-level travel time spent in this place.
 C = Inter-level travel time spent in this place.
 D = Time resting spent in this place.
 E = Time spent auto-exploring this place.
 F = Levels seen in this place.
 G = Mean time per level.
                   A        B        C        D        E       F      G
               +--------+--------+--------+--------+--------+-----+--------+
         Total |   3154 |   3103 |     51 |      0 |   2662 |   3 | 1051.3 |
       Dungeon |   3154 |   3103 |     51 |      0 |   2662 |   3 | 1051.3 |
               +--------+--------+--------+--------+--------+-----+--------+

Top non-repeatable levels by time:
     D:1: 1791 daAuts
     D:2: 1338 daAuts
     D:3: 24 daAuts
